[ AOE2 MATCH · #514038523 ]
UnrankedMagyars vs Wei
Player's team · LOSS
Rival team · WIN
[ REPLAY ANALYSIS · EXTRACTED FROM THE RECORDED GAME ]
Feudal
8:25
Castle
26:01
Imperial
—
| APM avg | 78.6 |
| APM peak | 122 |
| eAPM avg | 41.5 |
| Villagers / military | 67 / 76 |
Focus
⚔️ 59.5% · 🌾 40.5%
Spearman ×33 · Cavalry Archer ×25 · Archer ×9 · Scout Cavalry ×9
Feudal
8:50
Castle
25:57
Imperial
—
| APM avg | 82.8 |
| APM peak | 135 |
| eAPM avg | 51.5 |
| Villagers / military | 76 / 57 |
Focus
⚔️ 65.1% · 🌾 34.9%
Scout Cavalry ×55 · Unknown (1944) ×49 · Spearman ×2
Match map
Initial resources + every placement click. Lines = walls · curves = elevation contours. ◆ gold · ⬟ stone · ● berries · ✦ relic · ◌ wall gap
Your base· ✓ Closed at 26:01 · 49t walls · 1 gate(s)
wR.Prisma's base· Open — 3t gap
Smoothed initial terrain · ◌ = detected wall gap · hover for details
Inputs per minute
— TAG_Sitaux - - wR.Prisma
Build order — TAG_Sitaux
First 150 of 293 actions detected
| 0:00 | Queue | Villager (Male) |
| 0:01 | Queue | Villager (Male) |
| 0:01 | Build | House |
| 0:02 | Build | House |
| 0:10 | Queue | Villager (Male) |
| 0:14 | Queue | Villager (Male) |
| 1:27 | Queue | Villager (Male) |
| 1:27 | Queue | Villager (Male) |
| 1:40 | Queue | Villager (Male) |
| 1:40 | Queue | Villager (Male) |
| 1:57 | Build | Lumber Camp |
| 2:15 | Queue | Villager (Male) |
| 2:15 | Queue | Villager (Male) |
| 2:46 | Queue | Villager (Male) |
| 2:46 | Queue | Villager (Male) |
| 3:02 | Queue | Villager (Male) |
| 3:20 | Build | House |
| 3:29 | Queue | Villager (Male) |
| 3:29 | Queue | Villager (Male) |
| 3:50 | Queue | Villager (Male) |
| 4:29 | Queue | Villager (Male) |
| 4:40 | Build | Mill |
| 4:42 | Queue | Villager (Male) |
| 5:16 | Queue | Villager (Male) |
| 5:43 | Research | Loom |
| 5:44 | Research | Loom |
| 6:15 | Research | Feudal Age |
| 6:16 | Research | Feudal Age |
| 7:04 | Queue | Villager (Male) |
| 7:18 | Build | Barracks |
| 7:49 | Build | House |
| 8:25 | Age | Feudal Age |
| 8:32 | Queue | Villager (Male) |
| 8:36 | Build | Stable |
| 9:04 | Research | Double-Bit Axe |
| 9:04 | Research | Double-Bit Axe |
| 9:06 | Queue | Villager (Male) |
| 9:16 | Queue | Scout Cavalry |
| 9:26 | Build | House |
| 9:28 | Queue | Scout Cavalry |
| 9:31 | Queue | Villager (Male) |
| 9:35 | Queue | Villager (Male) |
| 9:48 | Build | Farm |
| 10:03 | Queue | Villager (Male) |
| 10:19 | Queue | Scout Cavalry |
| 10:22 | Queue | Villager (Male) |
| 10:23 | Build | Farm |
| 10:30 | Build | Farm |
| 10:35 | Queue | Villager (Male) |
| 10:37 | Build | House |
| 10:47 | Queue | Scout Cavalry |
| 10:54 | Queue | Villager (Male) |
| 10:56 | Build | Farm |
| 11:01 | Queue | Spearman |
| 11:04 | Build | Palisade Wall |
| 11:07 | Build | House |
| 11:08 | Build | Palisade Wall |
| 11:26 | Build | Palisade Wall |
| 11:27 | Build | Palisade Wall |
| 11:29 | Queue | Villager (Male) |
| 11:30 | Build | Palisade Wall |
| 11:31 | Build | House |
| 11:34 | Queue | Scout Cavalry |
| 11:36 | Build | Farm |
| 11:48 | Queue | Villager (Male) |
| 11:53 | Queue | Scout Cavalry |
| 12:21 | Build | Archery Range |
| 12:30 | Build | Palisade Wall |
| 12:32 | Build | Palisade Wall |
| 12:41 | Queue | Scout Cavalry |
| 12:50 | Queue | Villager (Male) |
| 12:52 | Build | Farm |
| 12:53 | Build | Farm |
| 13:02 | Queue | Archer |
| 13:14 | Research | Horse Collar |
| 13:14 | Research | Horse Collar |
| 13:22 | Build | Mining Camp |
| 13:26 | Build | Palisade Wall |
| 13:27 | Build | Palisade Wall |
| 13:35 | Queue | Villager (Male) |
| 13:39 | Build | Palisade Wall |
| 13:39 | Build | Palisade Wall |
| 13:40 | Build | Palisade Wall |
| 13:41 | Build | Palisade Wall |
| 13:42 | Build | Palisade Wall |
| 13:48 | Queue | Villager (Male) |
| 13:50 | Build | Farm |
| 13:51 | Build | Palisade Wall |
| 14:02 | Build | Farm |
| 14:09 | Queue | Spearman |
| 14:12 | Queue | Archer |
| 14:14 | Queue | Villager (Male) |
| 14:16 | Build | Farm |
| 14:27 | Build | House |
| 14:37 | Queue | Scout Cavalry |
| 14:45 | Queue | Villager (Male) |
| 14:46 | Build | House |
| 14:49 | Queue | Archer |
| 14:55 | Queue | Spearman |
| 15:04 | Build | Farm |
| 15:08 | Queue | Scout Cavalry |
| 15:19 | Queue | Archer |
| 15:22 | Queue | Villager (Male) |
| 15:25 | Build | Palisade Gate |
| 15:27 | Build | Farm |
| 15:30 | Queue | Spearman |
| 15:47 | Queue | Spearman |
| 15:48 | Queue | Archer |
| 15:56 | Queue | Spearman |
| 15:58 | Build | Farm |
| 16:06 | Queue | Villager (Male) |
| 16:09 | Build | House |
| 16:17 | Queue | Villager (Male) |
| 16:21 | Build | House |
| 16:29 | Queue | Villager (Male) |
| 16:35 | Queue | Spearman |
| 16:37 | Build | House |
| 16:39 | Build | Palisade Wall |
| 16:55 | Queue | Spearman |
| 16:58 | Queue | Villager (Male) |
| 17:13 | Queue | Spearman |
| 17:23 | Queue | Archer |
| 17:26 | Queue | Spearman |
| 17:42 | Build | Lumber Camp |
| 18:04 | Queue | Archer |
| 18:12 | Queue | Villager (Male) |
| 18:12 | Queue | Villager (Male) |
| 18:13 | Queue | Villager (Male) |
| 18:23 | Build | House |
| 18:26 | Build | House |
| 18:34 | Queue | Spearman |
| 18:43 | Queue | Villager (Male) |
| 18:53 | Build | Farm |
| 18:55 | Build | Farm |
| 18:56 | Queue | Spearman |
| 19:07 | Queue | Villager (Male) |
| 19:09 | Build | Farm |
| 19:12 | Build | Farm |
| 19:23 | Queue | Spearman |
| 19:41 | Build | Blacksmith |
| 19:42 | Queue | Villager (Male) |
| 19:46 | Build | House |
| 20:00 | Queue | Spearman |
| 20:10 | Queue | Villager (Male) |
| 20:22 | Build | Farm |
| 20:24 | Build | Farm |
| 20:36 | Research | Wheelbarrow |
| 20:36 | Research | Wheelbarrow |
| 20:47 | Queue | Spearman |
| 20:50 | Build | House |
Build order — wR.Prisma
First 150 of 319 actions detected
| 0:00 | Queue | Villager (Male) |
| 0:02 | Build | House |
| 0:03 | Build | House |
| 0:13 | Queue | Villager (Male) |
| 0:19 | Queue | Villager (Male) |
| 0:23 | Queue | Villager (Male) |
| 1:24 | Queue | Villager (Male) |
| 1:47 | Build | Lumber Camp |
| 1:55 | Queue | Villager (Male) |
| 2:13 | Research | Loom |
| 2:22 | Queue | Villager (Male) |
| 2:46 | Queue | Villager (Male) |
| 2:48 | Queue | Villager (Male) |
| 3:09 | Queue | Villager (Male) |
| 3:42 | Queue | Villager (Male) |
| 3:49 | Build | House |
| 3:49 | Build | House |
| 4:09 | Queue | Villager (Male) |
| 4:24 | Queue | Villager (Male) |
| 4:34 | Queue | Villager (Male) |
| 4:53 | Queue | Villager (Male) |
| 5:02 | Queue | Villager (Male) |
| 5:21 | Build | Mill |
| 5:40 | Queue | Villager (Male) |
| 5:43 | Queue | Villager (Male) |
| 5:51 | Queue | Villager (Male) |
| 6:01 | Research | Loom |
| 6:02 | Research | Loom |
| 6:34 | Research | Feudal Age |
| 6:57 | Build | Lumber Camp |
| 7:55 | Queue | Villager (Male) |
| 8:10 | Build | Barracks |
| 8:37 | Queue | Villager (Male) |
| 8:50 | Age | Feudal Age |
| 8:51 | Research | Double-Bit Axe |
| 8:51 | Research | Double-Bit Axe |
| 9:02 | Build | House |
| 9:02 | Queue | Spearman |
| 9:04 | Research | Horse Collar |
| 9:09 | Build | Palisade Wall |
| 9:22 | Build | Palisade Wall |
| 9:22 | Build | Palisade Wall |
| 9:29 | Queue | Villager (Male) |
| 9:37 | Build | Palisade Wall |
| 9:42 | Build | Palisade Wall |
| 9:44 | Queue | Spearman |
| 9:48 | Queue | Villager (Male) |
| 9:59 | Build | Palisade Wall |
| 9:59 | Build | Palisade Wall |
| 10:00 | Build | Palisade Wall |
| 10:10 | Queue | Villager (Male) |
| 10:20 | Queue | Villager (Male) |
| 10:27 | Queue | Villager (Male) |
| 10:28 | Build | Farm |
| 10:29 | Build | Farm |
| 10:41 | Build | Stable |
| 10:58 | Queue | Villager (Male) |
| 11:03 | Build | House |
| 11:07 | Build | Farm |
| 11:29 | Build | House |
| 11:31 | Queue | Scout Cavalry |
| 11:33 | Build | Farm |
| 11:42 | Queue | Villager (Male) |
| 11:48 | Build | Farm |
| 11:54 | Queue | Scout Cavalry |
| 11:56 | Build | Farm |
| 12:08 | Queue | Villager (Male) |
| 12:14 | Build | Farm |
| 12:22 | Queue | Scout Cavalry |
| 12:30 | Build | Palisade Wall |
| 12:33 | Queue | Villager (Male) |
| 12:42 | Build | House |
| 12:49 | Queue | Villager (Male) |
| 12:51 | Build | Farm |
| 12:54 | Build | Farm |
| 12:59 | Queue | Scout Cavalry |
| 13:11 | Build | House |
| 13:12 | Queue | Scout Cavalry |
| 13:13 | Queue | Scout Cavalry |
| 13:18 | Build | Farm |
| 13:20 | Build | Farm |
| 13:26 | Queue | Scout Cavalry |
| 13:30 | Queue | Villager (Male) |
| 13:41 | Build | Farm |
| 13:43 | Build | House |
| 13:44 | Queue | Scout Cavalry |
| 13:51 | Queue | Villager (Male) |
| 13:53 | Build | Farm |
| 14:12 | Queue | Villager (Male) |
| 14:22 | Build | Blacksmith |
| 14:31 | Queue | Scout Cavalry |
| 14:32 | Build | Farm |
| 14:37 | Queue | Villager (Male) |
| 14:41 | Build | Farm |
| 14:46 | Build | House |
| 14:47 | Queue | Scout Cavalry |
| 14:55 | Queue | Villager (Male) |
| 15:03 | Build | Farm |
| 15:10 | Research | Scale Barding Armor |
| 15:11 | Research | Scale Barding Armor |
| 15:22 | Build | Farm |
| 15:25 | Research | Bloodlines |
| 15:29 | Build | House |
| 15:45 | Queue | Villager (Male) |
| 16:01 | Build | Watch Tower |
| 16:07 | Queue | Scout Cavalry |
| 16:11 | Queue | Villager (Male) |
| 16:18 | Queue | Villager (Male) |
| 16:20 | Build | House |
| 16:26 | Build | House |
| 16:35 | Queue | Scout Cavalry |
| 16:36 | Queue | Scout Cavalry |
| 16:40 | Build | Stable |
| 16:43 | Build | Palisade Wall |
| 16:48 | Queue | Villager (Male) |
| 16:49 | Build | Farm |
| 16:54 | Queue | Villager (Male) |
| 16:57 | Build | Stone Wall |
| 17:08 | Queue | Scout Cavalry |
| 17:18 | Queue | Villager (Male) |
| 17:37 | Queue | Scout Cavalry |
| 17:38 | Queue | Scout Cavalry |
| 17:39 | Build | House |
| 17:41 | Build | House |
| 17:46 | Build | House |
| 17:49 | Queue | Scout Cavalry |
| 18:03 | Build | Farm |
| 18:04 | Build | Farm |
| 18:05 | Build | Farm |
| 18:06 | Queue | Scout Cavalry |
| 18:09 | Build | House |
| 18:21 | Queue | Villager (Male) |
| 18:25 | Queue | Villager (Male) |
| 18:36 | Queue | Scout Cavalry |
| 18:50 | Build | Stone Wall |
| 18:51 | Build | Stone Wall |
| 18:52 | Build | Stone Wall |
| 18:55 | Queue | Villager (Male) |
| 18:59 | Build | Farm |
| 18:59 | Build | Farm |
| 19:08 | Build | Mining Camp |
| 19:15 | Queue | Scout Cavalry |
| 19:16 | Queue | Scout Cavalry |
| 19:16 | Queue | Scout Cavalry |
| 19:19 | Build | Mill |
| 19:19 | Build | Farm |
| 19:20 | Build | Farm |
| 19:20 | Build | Farm |
| 19:20 | Build | Farm |
| 19:20 | Build | Farm |
Match timeline
| 7:18 | TAG_Sitaux · first_building Barracks |
| 8:10 | wR.Prisma · first_building Barracks |
| 8:25 | TAG_Sitaux · age_up feudal |
| 8:36 | TAG_Sitaux · first_building Stable |
| 8:50 | wR.Prisma · age_up feudal |
| 9:09 | wR.Prisma · wall_segment Palisade Wall x10 |
| 9:22 | wR.Prisma · wall_segment Palisade Wall x2 |
| 9:22 | wR.Prisma · wall_segment Palisade Wall x1 |
| 9:37 | wR.Prisma · wall_segment Palisade Wall x4 |
| 9:42 | wR.Prisma · wall_segment Palisade Wall x11 |
| 9:59 | wR.Prisma · wall_segment Palisade Wall x1 |
| 9:59 | wR.Prisma · wall_segment Palisade Wall x1 |
| 10:00 | wR.Prisma · wall_segment Palisade Wall x1 |
| 10:41 | wR.Prisma · first_building Stable |
| 11:04 | TAG_Sitaux · wall_segment Palisade Wall x7 |
| 11:08 | TAG_Sitaux · wall_segment Palisade Wall x5 |
| 11:26 | TAG_Sitaux · wall_segment Palisade Wall x1 |
| 11:27 | TAG_Sitaux · wall_segment Palisade Wall x1 |
| 11:30 | TAG_Sitaux · wall_segment Palisade Wall x1 |
| 12:21 | TAG_Sitaux · first_building Archery Range |
| 12:30 | wR.Prisma · wall_segment Palisade Wall x1 |
| 12:30 | TAG_Sitaux · wall_segment Palisade Wall x1 |
| 12:32 | TAG_Sitaux · wall_segment Palisade Wall x1 |
| 13:26 | TAG_Sitaux · wall_segment Palisade Wall x1 |
| 13:27 | TAG_Sitaux · wall_segment Palisade Wall x1 |
| 13:39 | TAG_Sitaux · wall_segment Palisade Wall x1 |
| 13:39 | TAG_Sitaux · wall_segment Palisade Wall x1 |
| 13:40 | TAG_Sitaux · wall_segment Palisade Wall x1 |
| 13:41 | TAG_Sitaux · wall_segment Palisade Wall x1 |
| 13:42 | TAG_Sitaux · wall_segment Palisade Wall x1 |
| 13:51 | TAG_Sitaux · wall_segment Palisade Wall x1 |
| 16:39 | TAG_Sitaux · wall_segment Palisade Wall x3 |
| 16:43 | wR.Prisma · wall_segment Palisade Wall x1 |
| 16:57 | wR.Prisma · wall_segment Stone Wall x2 |
| 18:50 | wR.Prisma · wall_segment Stone Wall x1 |
| 18:51 | wR.Prisma · wall_segment Stone Wall x2 |
| 18:52 | wR.Prisma · wall_segment Stone Wall x1 |
| 21:02 | TAG_Sitaux · wall_segment Palisade Wall x4 |
| 21:04 | wR.Prisma · wall_segment Stone Wall x2 |
| 21:05 | wR.Prisma · wall_segment Stone Wall x3 |
| 21:06 | TAG_Sitaux · wall_segment Palisade Wall x6 |
| 21:17 | TAG_Sitaux · wall_segment Palisade Wall x6 |
| 21:47 | TAG_Sitaux · wall_segment Palisade Wall x4 |
| 21:49 | TAG_Sitaux · wall_segment Palisade Wall x1 |
| 21:53 | wR.Prisma · wall_segment Stone Wall x3 |
| 23:08 | TAG_Sitaux · first_market_buy 100 food |
| 23:15 | TAG_Sitaux · first_market_sell 500 wood |
| 24:06 | wR.Prisma · wall_segment Palisade Wall x1 |
| 24:34 | TAG_Sitaux · wall_segment Palisade Wall x1 |
| 24:36 | wR.Prisma · wall_segment Stone Wall x1 |
| 25:24 | wR.Prisma · wall_segment Stone Wall x1 |
| 25:57 | wR.Prisma · age_up castle |
| 26:01 | TAG_Sitaux · age_up castle |
| 26:47 | wR.Prisma · wall_segment Palisade Wall x1 |
| 27:30 | TAG_Sitaux · wall_segment Palisade Wall x1 |
| 28:30 | TAG_Sitaux · wall_segment Palisade Wall x1 |
| 29:34 | TAG_Sitaux · wall_segment Palisade Wall x1 |
| 29:35 | TAG_Sitaux · wall_segment Palisade Wall x1 |
| 29:36 | TAG_Sitaux · wall_segment Palisade Wall x1 |
| 29:48 | TAG_Sitaux · wall_segment Palisade Wall x1 |
| 30:00 | TAG_Sitaux · wall_segment Palisade Wall x1 |
| 30:22 | TAG_Sitaux · wall_segment Palisade Wall x2 |
| 30:24 | TAG_Sitaux · wall_segment Palisade Wall x1 |
| 30:35 | TAG_Sitaux · wall_segment Palisade Wall x1 |
| 30:52 | TAG_Sitaux · wall_segment Palisade Wall x1 |
| 30:53 | TAG_Sitaux · wall_segment Palisade Wall x1 |
| 31:50 | TAG_Sitaux · wall_segment Palisade Wall x1 |
| 31:51 | TAG_Sitaux · wall_segment Palisade Wall x1 |
| 32:22 | TAG_Sitaux · wall_segment Palisade Wall x1 |
| 32:32 | TAG_Sitaux · wall_segment Palisade Wall x1 |
| 32:34 | TAG_Sitaux · wall_segment Palisade Wall x1 |
| 33:12 | TAG_Sitaux · resign |
[ AI ANALYSIS · 1 CREDIT ]
What really happened in this match?
Wolo.gg analyzes every decision: build order, eco, micro, common mistakes by bracket. Personalized analysis on WhatsApp or Discord in 30 seconds.
Civ guide
Magyars
Perfil
Jugador #212721